Map: Ascension to Aiur LE

Players

Stephano - Winner!

  • Race: Zerg Zerg
  • Spawn Location: 5:00

TheDounat

  • Race: Protoss Protoss
  • Spawn Location: 11:00

Event: WCS Jonkoping 2017

VOD

Have the link to the VOD?

Description

Time

  • Played on: June 17, 2017, 6:29 a.m.
  • Length: 7:42

All games in this series

Show
View Real Time Build Order
Export as new Build Order

Stephano Zerg - Winner!

Build Orders: Hatch First 

Get SALT Encoding   

  12  0:01  Drone  
  13  0:12  Overlord  
  13  0:17  Drone  
  14  0:30  Drone x2  
  14  0:34  Drone  
  17  0:52  Hatchery  
  17  0:54  Drone  
  17  0:57  Drone  
  18  1:07  Extractor  
  17  1:12  Spawning Pool  
  17  1:15  Drone  
  17  1:19  Drone  
  18  1:28  Drone  
  19  1:40  Overlord  
  19  1:50  Drone  
  20  1:59  Queen  
  20  2:00  Zergling x2  
  23  2:04  Drone  
  24  2:11  Metabolic Boost, Drone  
  25  2:16  Drone  
  25  2:19  Queen  
  28  2:32  Hatchery, Drone  
  28  2:39  Queen  
  28  2:42  Drone  
  28  2:43  Drone  
  32  2:46  Drone  
  32  2:50  Overlord  
  33  2:55  Drone x2  
  35  3:00  Overlord  
  35  3:06  Zergling x2  
  35  3:10  Drone x2  
  35  3:11  Drone x2  
  40  3:16  Queen  
  40  3:19  Drone  
  43  3:24  Drone  
  44  3:28  Overlord x2  
  44  3:32  Queen  
  46  3:35  Drone  
  46  3:40  Evolution Chamber  
  46  3:41  Drone  
  46  3:42  Drone  
  46  3:43  Drone  
  46  3:45  Drone  
  50  3:49  Spore Crawler, Drone  
  50  3:52  Drone  
  51  3:56  Spore Crawler, Drone  
  51  3:58  Drone  
  51  3:59  Drone  
  51  4:02  Zergling x2  
  54  4:03  Drone  
  54  4:05  Drone  
  54  4:08  Zerg Melee Weapons Level 1  
  56  4:10  Drone  
  56  4:13  Spore Crawler  
  56  4:14  Drone  
  57  4:20  Overlord  
  57  4:21  Overlord  
  57  4:22  Drone  
  58  4:24  Extractor  
  58  4:27  Queen  
  58  4:28  Extractor  
  58  4:31  Drone x2  
  58  4:35  Queen  
  62  4:41  Baneling Nest  
  62  4:42  Zergling x8  
  62  4:44  Zergling x2  
  66  4:51  Zergling x4  
  66  4:52  Zergling x2  
  69  4:53  Drone x3  
  69  4:56  Drone  
  69  4:57  Drone  
  69  4:58  Drone  
  69  4:59  Drone  
  76  5:04  Drone x4  
  76  5:06  Drone  
  81  5:08  Drone  
  81  5:12  Lair  
  82  5:16  Spine Crawler  
  82  5:19  Zergling x4  
  83  5:22  Drone x2  
  83  5:23  Drone  
  83  5:25  Overlord  
  83  5:27  Baneling x4  
  86  5:30  Extractor x2  
  86  5:32  Extractor  
  86  5:33  Drone  
  86  5:34  Drone  
  85  5:38  Drone x4  
  85  5:39  Drone  
  90  5:44  Overlord  
  90  5:48  Evolution Chamber  
  89  5:51  Hatchery  
  89  5:53  Overlord  
  89  5:56  Overlord  
  88  6:01  Overlord  
  88  6:02  Drone x2  
  90  6:04  Overlord  
  90  6:05  Drone x2  
  90  6:10  Overlord  
  92  6:12  Centrifical Hooks, Hydralisk Den  
  92  6:16  Overseer  
  92  6:17  Pneumatized Carapace  
  91  6:23  Drone x2  
  93  6:30  Zergling x8  
  97  6:34  Baneling x6  
  97  6:35  Zergling x2  
  97  6:36  Zergling x2  
  99  6:41  Zergling x2  
  99  6:42  Zergling x8  
  99  6:44  Baneling x4  
  99  6:45  Hydralisk  
  99  6:46  Hydralisk x2  
  110  6:52  Hydralisk  
  112  6:57  Hydralisk x2  
  111  7:02  Hydralisk x2  
  111  7:06  Zergling x2  
  111  7:07  Zergling x8  
  114  7:14  Hydralisk x3  
  114  7:15  Hydralisk  
  120  7:18  Hydralisk  
  120  7:20  Zergling x4  
  120  7:21  Zergling x2  
  118  7:25  Zergling x2  
Show
View Real Time Build Order
Export as new Build Order

TheDounat Protoss 

Build Orders: 1 Gate Expand, Zealot Archon, Dark Templar Rush 

Get SALT Encoding   

  12  0:01  Probe (Chrono Boost)  
  13  0:11  Probe (Chrono Boost)  
  14  0:20  Pylon  
  14  0:24  Probe (Chrono Boost)  
  15  0:38  Probe (Chrono Boost)  
  16  0:45  Gateway  
  16  0:48  Probe (Chrono Boost)  
  17  0:50  Assimilator  
  17  0:59  Probe (Chrono Boost)  
  18  1:09  Probe (Chrono Boost)  
  19  1:20  Probe (Chrono Boost)  
  20  1:27  Nexus  
  20  1:31  Probe (Chrono Boost)  
  21  1:39  Cybernetics Core  
  21  1:43  Probe (Chrono Boost)  
  22  1:51  Assimilator  
  22  1:54  Probe (Chrono Boost)  
  23  2:15  Warp Gate  
  23  2:23  Pylon  
  23  2:29  Gateway  
  23  2:39  Probe (Chrono Boost), Adept  
  23  2:42  Probe (Chrono Boost)  
  26  2:47  Twilight Council  
  26  2:49  Robotics Facility  
  26  2:54  Probe x2 (Chrono Boost)  
  28  3:04  Probe x2 (Chrono Boost)  
  30  3:15  Probe (Chrono Boost)  
  30  3:17  Gateway  
  30  3:18  Gateway  
  31  3:22  Probe (Chrono Boost)  
  32  3:28  Dark Shrine  
  32  3:30  Probe (Chrono Boost)  
  34  3:34  Probe (Chrono Boost)  
  34  3:43  Warp Prism (Chrono Boost)  
  34  3:44  Probe (Chrono Boost)  
  34  3:46  Probe (Chrono Boost)  
  38  3:54  Probe (Chrono Boost)  
  39  3:57  Probe (Chrono Boost)  
  39  3:58  Pylon  
  40  4:05  Probe  
  40  4:07  Pylon  
  40  4:08  Probe  
  42  4:11  Assimilator  
  42  4:14  Assimilator  
  42  4:17  Probe  
  42  4:18  Probe  
  42  4:21  Observer (Chrono Boost)  
  45  4:29  Probe x2  
  47  4:42  Mothership Core  
  47  4:45  Dark Templar x3  
  55  5:01  Dark Templar  
  55  5:04  Archon  
  55  5:05  Probe, Archon  
  58  5:08  Immortal (Chrono Boost)  
  62  5:15  Pylon  
  62  5:16  Pylon  
  62  5:25  Gateway  
  62  5:28  Gateway  
  62  5:29  Gateway  
  62  5:33  Probe  
  62  5:35  Gateway  
  64  5:38  Gateway  
  63  5:52  Charge (Chrono Boost), Immortal (Chrono Boost)  
  63  5:56  Sentry x2  
  71  5:57  Zealot x2  
  75  6:06  Pylon  
  75  6:07  Pylon  
  75  6:18  Pylon  
  75  6:23  Immortal (Chrono Boost)  
  75  6:32  Zealot x6  
  89  6:33  Zealot  
  93  6:53  Stalker x4  
  101  7:07  Stalker x3  
  77  7:18  Zealot  
  77  7:19  Zealot x3  
  60  7:32  Zealot x2  
  60  7:33  Zealot  
Tags
 
Add a new tag
Caveats
  • Supply blocks, unpowered buildings, or Contaminate may cause inaccurate times.
  • Supply counts are checked every 10 seconds.